 Dungeon Crawl Stone Soup version 0.28-a0-883-gc8d7bad45d (webtiles) character file.

Game seed: 8668304681339535114

17783 Crownlay the Thaumaturge (level 12, -6/77 HPs)
             Began as a Gargoyle Earth Elementalist on Nov 20, 2021.
             Was a Priest of Vehumet.
             Mangled by a blink frog (15 damage)
             ... on level 2 of the Lair of Beasts on Nov 21, 2021.
             The game lasted 00:33:14 (17425 turns).

Crownlay the Thaumaturge (GrEE)                    Turns: 17425, Time: 00:33:14

Health: -6/77      AC: 12    Str: 16    XL:     12   Next: 51%
Magic:  28/28      EV: 11    Int: 20    God:    Vehumet [***...]
Gold:   701        SH:  5    Dex: 10    Spells: 25/35 levels left

rFire   + . .      SeeInvis +   c - +8 long sword of the Dragonfly {speed, rN+ Str+3}
rCold   + . .      Faith    .   (no shield)
rNeg    + + .      Spirit   .   b - +0 robe
rPois   ∞          Reflect  +   u - +1 helmet {SInv}
rElec   +          Harm     .   (no cloak)
rCorr   .          Rampage  .   (no gloves)
Will    +....                   (no boots)
Stlth   ++........              F - amulet of reflection
HPRegen 0.22/turn               q - ring of protection from fire
MPRegen 0.21/turn               x - ring of protection from cold

@: no status effects
A: sickness immunity, AC +8, negative energy resistance 1, electricity
resistance, torment resistance 1, petrification resistance, strong-willed 1
a: Renounce Religion


You were on level 2 of the Lair of Beasts.
You worshipped Vehumet.
Vehumet was most pleased with you.
You visited 3 branches of the dungeon, and saw 13 of its levels.
You also visited: Sewer.

You collected 863 gold pieces.
You spent 162 gold pieces at shops.

Inventory:

Hand Weapons
 c - the +8 long sword of the Dragonfly (weapon) {speed, rN+ Str+3}
   (You found it in a sewer)

   Attacks with this weapon are significantly faster.
   Str:       It affects your strength (+3).
   rN:        It protects you from negative energy.
Missiles
 A - 50 stones
Armour
 b - a +0 robe (worn)
 o - a +0 buckler
 u - a +1 helmet of see invisible (worn)
Jewellery
 e - a ring of fire
 q - a ring of protection from fire (left hand)
 x - a ring of protection from cold (right hand)
 D - a ring of fire
 F - an amulet of reflection (around neck)
Wands
 k - a wand of flame (35)
 y - a wand of polymorph (1)
 B - a wand of charming (6)
Scrolls
 d - a scroll of summoning
 f - 2 scrolls of immolation
 l - 4 scrolls of teleportation
 m - 2 scrolls of torment
 p - a scroll of enchant weapon {unknown}
 r - 3 scrolls of noise
 s - 2 scrolls of magic mapping
 v - 3 scrolls of identify
 w - 3 scrolls of amnesia
 E - a scroll of blinking {unknown}
 G - a scroll of fog {unknown}
 I - a scroll of silence {unknown}
Potions
 a - 2 potions of lignification
 g - 2 potions of attraction
 i - a potion of mutation
 j - 3 potions of invisibility
 n - 3 potions of flight
 t - a potion of heal wounds {unknown}
 z - a potion of berserk rage {unknown}
 C - a potion of magic {unknown}
 H - a potion of might


   Skills:
 - Level 10.0 Fighting
 - Level 1.5 Dodging
 - Level 2.1 Stealth
 - Level 4.0 Shields
 * Level 12.2 Spellcasting
 - Level 10.0 Conjurations
 - Level 0.7 Transmutations
 + Level 10.2 Earth Magic


You had 25 spell levels left.
You knew the following spells:

 Your Spells              Type           Power      Damage    Failure   Level
a - Sandblast             Erth           100%       2d20      1%          1
b - Stone Arrow           Conj/Erth      100%       3d13      1%          3
c - Iron Shot             Conj/Erth      25%        9d5       4%          6

Your spell library contained the following spells:

 Spells                   Type           Power      Damage    Failure   Level
 Flame Wave               Conj/Fire      32%        3d7       1%          4
 Magic Dart               Conj           100%       1d8       1%          1
 Passwall                 Tmut/Erth      28%        N/A       1%          2
 Dazzling Flash           Conj/Hex       64%        N/A       1%          3
 Mephitic Cloud           Conj/Pois/Air  25%        N/A       1%          3
 Iskenderun's Mystic Bla  Conj/Tloc      32%        2d8       1%          4
 Inner Flame              Hex/Fire       12%        N/A       4%          3
 Petrify                  Tmut/Erth      34%        N/A       6%          4
 Animate Armour           Summ/Erth      64%        N/A       7%          4
 Call Imp                 Summ           12%        N/A       9%          2
 Starburst                Conj/Fire      16%        6d6       28%         6
 Cause Fear               Hex            6%         N/A       50%         4
 Blade Hands              Tmut           7%         N/A       75%         5
 Discord                  Hex            6%         N/A       100%        8


Dungeon Overview and Level Annotations

Branches:
Dungeon (10/15)            Temple (1/1) D:6            Lair (2/6) D:9
    Orc (0/2) D:9           Sewer (visited)
  Swamp: Lair:2-4    Shoals: Lair:2-4     Snake: Lair:2-4    Spider: Lair:2-4

Altars:
Ashenzari
Cheibriados
Dithmenos
Elyvilon
Fedhas
Gozag
Hepliaklqana
Kikubaaqudgha
Makhleb
Nemelex Xobeh
Okawaru
Qazlal
Ru
Sif Muna
Trog
Uskayaw
Vehumet
Wu Jian
Xom
Yredelemnul
Zin
The Shining One

Shops:
D:4 [??[   D:5 :   D:10 [**??

Annotations:
D:7 3 runed translucent doors, sanka's ghost, novice GnTm; t4s4d4r's ghost, novice OpTm


Innate Abilities, Weirdness & Mutations

You are immune to sickness and miasma.
Your stone body is resilient. (AC +8)
You are immune to poison.
You resist negative energy. (rN+)
You are resistant to electric shocks. (rElec)
You are resistant to unholy torment.
You are immune to petrification.
You are strong-willed. (Will+)


Message History

You block the blink frog's attack.
The blink frog blinks!
The blink frog hits you but does no damage.
The bullfrog hits you but does no damage.
You slash the blink frog!
The blink frog is heavily wounded.
The blink frog completely misses you. The blink frog hits you!
* * * LOW HITPOINT WARNING * * *
The bullfrog closely misses you.
The blink frog blinks!
The blink frog hits you!
* * * LOW HITPOINT WARNING * * *
Okay, then.
Okay, then.
Okay, then.
The blink frog blinks!
The bullfrog closely misses you.
The blink frog blinks!
The blink frog barely misses you.
The blink frog blinks!
Casting: Sandblast (safe; 1% risk of failure)
Confirm with . or Enter, or press ? or * to list all spells.
Aiming: Sandblast (safe; 1% risk of failure)
Press: ? - help, Shift-Dir - straight line, f/p - komodo dragon
Aim: a komodo dragon (heavily wounded, 88% to hit)
The blast of sand hits the komodo dragon!
The komodo dragon is severely wounded.
The blink frog closely misses you.
The blink frog blinks!
The blink frog hits you but does no damage.
Casting: Sandblast (safe; 1% risk of failure)
Confirm with . or Enter, or press ? or * to list all spells.
Aiming: Sandblast (safe; 1% risk of failure)
Press: ? - help, Shift-Dir - straight line, f/p - komodo dragon
Aim: a komodo dragon (severely wounded, 88% to hit)
Okay, then.
You block the blink frog's attack.
The blink frog blinks!
The bullfrog hits you but does no damage.
The blink frog hits you but does no damage.
The blink frog blinks!
The blink frog blinks!
The blink frog hits you!
You die...

...............######.......P##
.....###.........##......#.###
......##..............[.####
.......##..............##
....................####
.....≈≈≈≈≈≈≈.F......##
....≈≈≈≈≈≈≈≈.l..F....#
..≈≈≈≈≈≈≈≈≈≈.#.FF....#
##.≈≈≈.≈≈≈≈≈≈##.@....## #
##.≈≈≈≈>.≈≈≈..........#.###
#..≈≈≈≈.≈≈≈≈≈....P..<....P##
#..≈≈≈≈≈≈≈≈≈≈.#.P........P.#
##..≈≈≈≈≈≈≈≈..##P......†...#
##..≈≈≈≈≈....####..........
##.....≈...## ####.P.....
#........## ....... #
##.......## .......


You could see a komodo dragon, 3 blink frogs and a bullfrog.

Vanquished Creatures
  Gastronok (D:9)
  Snorg (D:10)
  A hydra (Lair:2)
  Sonja (Lair:1)
  A black mamba (Lair:2)
  A gargoyle (D:10)
  Maggie (D:6)
  4 trolls
  A jumping spider (shapeshifter) (D:9)
  A hornet (D:10)
  Grinder (D:5)
  Prince Ribbit (D:5)
  6 blink frogs
  A dream sheep (shapeshifter) (D:10)
  Sigmund (D:2)
  A shadow (D:10)
  A wyvern (D:9)
  A wraith (D:10)
  16 yaks
  A vampire mosquito (D:10)
  2 steam dragons
  2 basilisks
  4 acid dragons
  3 water moccasins (Lair:2)
  8 orc warriors
  A water moccasin (shapeshifter) (D:10)
  An ice beast (D:6)
  A sky beast (D:7)
  4 black bears
  An ogre (D:5)
  8 necrophages
  5 centaurs
  4 wolves (Lair:2)
  3 phantoms
  A gnoll sergeant (D:9)
  2 kobold brigands (D:10)
  9 bullfrogs
  3 wyvern zombies
  2 scorpions
  2 water moccasin zombies
  A wyvern skeleton (D:7)
  7 howler monkeys
  A centaur zombie (D:8)
  2 bullfrog zombies
  A jelly (D:5)
  3 hounds
  A bullfrog skeleton (D:5)
  12 orc priests
  Terence (D:3)
  An iguana (D:5)
  13 orc wizards
  2 howler monkey zombies
  A howler monkey skeleton (D:6)
  3 gnolls (D:9)
  9 adders
  2 shadow imps
  3 white imps
  3 worms
  46 orcs
  6 endoplasms
  12 giant cockroaches
  10 goblins
  9 hobgoblins
  3 jackals (D:3)
  11 quokkas
  9 ball pythons
  6 bats
  8 frilled lizards
  8 kobolds
  8 rats
311 creatures vanquished.

Vanquished Creatures (collateral kills)
  An elephant (D:9)
  2 blink frogs (Lair:1)
  A wyvern (D:9)
4 creatures vanquished.

Vanquished Creatures (others)
  2 ogres (D:6)
  A hound (D:6)
  3 fungi
  6 plants
  5 withered plants (D:7)
17 creatures vanquished.

Grand Total: 332 creatures vanquished

Notes
Turn   | Place    | Note
-------+----------+-------------------------------------------
     0 | D:1      | Crownlay the Gargoyle Earth Elementalist began the quest
                  | for the Orb.
     0 | D:1      | Reached XP level 1. HP: 10/10 MP: 3/3
   362 | D:1      | Reached XP level 2. HP: 15/15 MP: 3/5
  1030 | D:1      | Reached XP level 3. HP: 8/19 MP: 4/7
  1631 | D:2      | Reached skill level 3 in Spellcasting
  1701 | D:2      | Found a faded altar of an unknown god.
  2111 | D:2      | Noticed Sigmund
  2288 | D:2      | Killed Sigmund
  2289 | D:2      | Reached skill level 4 in Spellcasting
  2289 | D:2      | Reached skill level 5 in Earth Magic
  2289 | D:2      | Reached XP level 4. HP: 14/24 MP: 5/10
  2289 | D:2      | Reached XP level 5. HP: 17/28 MP: 5/11
  2923 | D:3      | Noticed a necrophage
  2927 | D:3      | Killed a necrophage
  2928 | D:3      | Reached skill level 5 in Spellcasting
  2928 | D:3      | Reached XP level 6. HP: 32/32 MP: 8/13
  2967 | D:3      | Found a stormy altar of Qazlal.
  2968 | D:3      | Found a snail-covered altar of Cheibriados.
  3237 | D:3      | Noticed Terence
  3251 | D:3      | Killed Terence
  3324 | D:3      | Learned a level 3 spell: Stone Arrow
  3937 | D:3      | Found a glowing golden altar of the Shining One.
  4051 | D:4      | Reached XP level 7. HP: 36/36 MP: 12/15
  4090 | D:4      | Found Reruv Cemu's Magic Scroll Emporium.
  4101 | D:4      | Bought a scroll of noise for 10 gold pieces
  4101 | D:4      | Bought a scroll of identify for 20 gold pieces
  4101 | D:4      | Bought a scroll of magic mapping for 35 gold pieces
  4103 | D:4      | Bought a scroll of immolation for 35 gold pieces
  4196 | D:4      | Found Tushimis's Antique Armour Emporium.
  4279 | D:4      | Reached skill level 1 in Shields
  4441 | D:4      | Found a broken altar of Ashenzari.
  4526 | D:4      | Found Apukk's Antique Armour Shop.
  4539 | D:4      | Reached skill level 6 in Spellcasting
  4679 | D:4      | Found Ruaq's Magic Scroll Emporium.
  4687 | D:4      | Bought a scroll of identify for 26 gold pieces
  4963 | D:5      | Entered Level 5 of the Dungeon
  4963 | D:5      | Noticed Grinder
  4973 | D:5      | Killed Grinder
  4994 | D:5      | Found a glowing drain.
  5015 | Sewer    | Entered a sewer
  5080 | Sewer    | Reached XP level 8. HP: 41/41 MP: 1/17
  5944 | Sewer    | Identified the +8 long sword of the Dragonfly {speed, rN+
                  | Str+3}
  6364 | D:5      | Reached skill level 7 in Spellcasting
  6521 | D:5      | Noticed Prince Ribbit
  6526 | D:5      | Killed Prince Ribbit
  6777 | D:5      | Reached skill level 8 in Spellcasting
  7005 | D:5      | Found Tiull's Book Shoppe.
  7215 | D:6      | Reached XP level 9. HP: 45/45 MP: 9/21
  7375 | D:6      | Noticed Maggie
  7386 | D:6      | Killed Maggie
  7595 | D:6      | Found a shimmering altar of Xom.
  7824 | D:6      | Reached skill level 9 in Spellcasting
  7930 | D:6      | Found a staircase to the Ecumenical Temple.
  7940 | Temple   | Entered the Ecumenical Temple
  7999 | Temple   | Became a worshipper of Vehumet
  9331 | D:7      | Upgraded the game from 0.28-a0-872-g80cf8599ee to
                  | 0.28-a0-883-gc8d7bad45d
  9470 | D:7      | Reached skill level 10 in Spellcasting
  9776 | D:7      | Reached XP level 10. HP: 50/50 MP: 14/24
  9951 | D:7      | Found a runed translucent gate.
  9952 | D:7      | Found a runed translucent gate.
  9953 | D:7      | Found a runed translucent gate.
  9959 | D:7      | Noticed sanka's ghost (novice GnTm)
  9959 | D:7      | Noticed t4s4d4r's ghost (novice OpTm)
 10124 | D:8      | Reached skill level 10 in Earth Magic
 10342 | D:8      | Reached * piety under Vehumet
 10342 | D:8      | Offered knowledge of Freeze by Vehumet.
 10631 | D:8      | Reached skill level 1 in Conjurations
 11162 | D:9      | Noticed an elephant
 11191 | D:9      | Reached skill level 11 in Spellcasting
 11203 | D:9      | Killed an elephant
 11600 | D:9      | Found a staircase to the Orcish Mines.
 11795 | D:9      | Found a staircase to the Lair.
 11910 | D:9      | Reached ** piety under Vehumet
 11910 | D:9      | Offered knowledge of Poisonous Vapours by Vehumet.
 12046 | D:9      | Found a sacrificial altar of Ru.
 12046 | D:9      | Found an opulent altar of Gozag.
 12046 | D:9      | Found a glowing silver altar of Zin.
 12407 | D:9      | Reached skill level 12 in Spellcasting
 12407 | D:9      | Reached skill level 5 in Conjurations
 12497 | D:9      | Reached XP level 11. HP: 55/55 MP: 24/27
 12500 | D:9      | Reached skill level 1 in Fighting
 12994 | D:10     | Entered Level 10 of the Dungeon
 13194 | D:10     | Found Iwnaujom's Magic Scroll Shop.
 13331 | D:10     | Identified the +5 hand axe of Cataclysm {distort, rF-
                  | Will++ Dex+5}
 13513 | D:10     | Found Yxkimes's Magic Scroll Shop.
 13517 | D:10     | Noticed Snorg
 13523 | D:10     | Killed Snorg
 13841 | D:10     | Found a blossoming altar of Fedhas.
 13869 | D:10     | Found Gocueziu's Assorted Antiques.
 13883 | D:10     | Bought a scroll labelled PANIPP TUMA for 36 gold pieces
 13920 | D:10     | Found Cebumu's Lightly-Used Armoury.
 14193 | D:10     | Offered knowledge of Dazzling Flash by Vehumet.
 14431 | D:10     | Noticed a death drake
 14477 | D:10     | a death drake changed into a dream sheep
 14488 | D:10     | Learned a level 6 spell: Iron Shot
 14589 | D:10     | Found Byps's Antique Armour Boutique.
 14781 | Lair:1   | Entered Level 1 of the Lair of Beasts
 14787 | Lair:1   | Noticed Gastronok
 14789 | Lair:1   | Reached skill level 5 in Fighting
 14970 | Lair:1   | HP: 1/63 [blink frog (7)]
 15286 | Lair:1   | Gained mutation: Your flesh is heat resistant. (rF+)
                  | [potion of mutation]
 15286 | Lair:1   | Gained mutation: You are strong-willed. (Will+) [potion of
                  | mutation]
 15286 | Lair:1   | Lost mutation: Your flesh is heat resistant. (rF+) [potion
                  | of mutation]
 15634 | D:9      | Killed Gastronok
 15635 | D:9      | Reached skill level 10 in Conjurations
 15839 | Lair:1   | Reached *** piety under Vehumet
 15889 | Lair:1   | Reached XP level 12. HP: 71/71 MP: 20/28
 16202 | Lair:1   | Noticed Sonja
 16207 | Lair:1   | Killed Sonja
 16873 | Lair:2   | Noticed a seven-headed hydra
 16882 | Lair:2   | Killed a seven-headed hydra
 17096 | Lair:2   | Offered knowledge of Flame Wave by Vehumet.
 17131 | Lair:2   | Reached skill level 10 in Fighting
 17425 | Lair:2   | Mangled by a blink frog

Illustrated notes

Levels and vault maps discovered:
D:1:      dpeg_arrival_tiny_g, layout_loops_corners
D:2:      layout_loops_ring, chequers_ecumenical_altar_simple,
          serial_bayou_pond_c, minmay_quadrilaterals, uniq_sigmund
D:3:      layout_loops_ring, nicolae_tso_swordbearing_angel,
          grunt_temple_overflow_open, st_stairs_10, uniq_terence
D:4:      layout_loops_ring, ashenzari_conservatory_becter, serial_shops, shop,
          nicolae_shop_stone, nicolae_stop_n_shop_1, shop, dk_rats_in_the_wall
D:5:      layout_gridville, portal_sewer_entry_f, serial_shops, shop,
          uniq_prince_ribbit1, uniq_grinder
D:6:      layout_loops_cross, xom_confusion_cloud, temple_pool_b, uniq_maggie
D:7:      layout_basic, gammafunk_ghost_cemetery
D:8:      layout_rooms
D:9:      layout_basic, gammafunk_temple_overflow_forgotten, david_lair_generic,
          orc_david_3, nicolae_benzene_ring, kennysheep_generic_room_13
D:10:     hangedman_cross_stitches, layout_irregular_city, marbit_many_paths,
          serial_shops, shop, shop, kennysheep_mini, shop_statue,
          minmay_shop_damaged, uniq_snorg
Temple:   dshaligram_water_room_temple
Lair:1:   layout_hall_layers, uniq_gastronok, uniq_sonja
Lair:2:   layout_hall_layers, nicolae_spider_entry_orb_guardian,
          roderic_carrion_pond, lemuel_fruit_tree, infiniplex_staircase_pool_2

Skill      XL: |  1  2  3  4  5  6  7  8  9 10 11 12 |
---------------+-------------------------------------+-----
Earth Magic    | 4 5 6 8 9 10 | 10.2
Spellcasting   | 4 5 6 8 10 12 | 12.2
Shields        | 3 4 |  4.0
Conjurations   | 5 10 | 10.0
Fighting       | 6 10 | 10.0
Dodging        | |  1.5
Stealth        | |  2.1
Transmutations | |  0.7

Action                   |  1- 3 |  4- 6 |  7- 9 | 10-12 || total
-------------------------+-------+-------+-------+-------++-------
Melee: Unarmed           |     1 |       |       |       ||     1
       Spear             |    83 |       |       |       ||    83
       Dagger            |    21 |    45 |    50 |       ||   116
       Long sword        |       |       |     2 |    13 ||    15
 Cast: Sandblast         |    19 |    56 |    58 |   180 ||   313
       Stone Arrow       |       |       |   111 |   135 ||   246
       Iron Shot         |       |       |       |     9 ||     9
  Use: Scroll            |       |       |     7 |     7 ||    14
       Potion            |       |       |       |     2 ||     2
 Stab: Sleeping          |     4 |     1 |       |       ||     5
Armor: Robe              |    23 |    42 |    40 |    79 ||   184
Dodge: Dodged            |    57 |    51 |    60 |   116 ||   284
Block: Other             |       |       |       |    27 ||    27

Table legend: (Time is in decaauts)
 A = Elapsed time spent in this place.
 B = Non-inter-level travel time spent in this place.
 C = Inter-level travel time spent in this place.
 D = Time resting spent in this place.
 E = Time spent auto-exploring this place.
 F = Levels seen in this place.
 G = Mean time per level.
                   A        B        C        D        E       F      G
               +--------+--------+--------+--------+--------+-----+--------+
         Total |  17555 |  17146 |    409 |      3 |  14863 |  14 | 1253.9 |
       Dungeon |  14712 |  14379 |    333 |      3 |  12640 |  10 | 1471.2 |
        Temple |    169 |    131 |     38 |      0 |    115 |   1 |  169.0 |
          Lair |   1622 |   1585 |     37 |      0 |   1337 |   2 |  811.0 |
         Sewer |   1050 |   1050 |      0 |      0 |    770 |   1 | 1050.0 |
               +--------+--------+--------+--------+--------+-----+--------+

Top non-repeatable levels by time:
     D:9: 2994 daAuts
    D:10: 1774 daAuts
     D:1: 1735 daAuts
     D:7: 1429 daAuts
     D:5: 1294 daAuts
     D:6: 1270 daAuts
     D:2: 1186 daAuts
     D:3: 1135 daAuts
   Sewer: 1050 daAuts
     D:8: 975 daAuts
     D:4: 916 daAuts
  Lair:2: 837 daAuts
  Lair:1: 785 daAuts
  Temple: 169 daAuts
